 Dungeon Crawl Stone Soup version 0.24-a0-244-ga6a6ab7 (webtiles) character file.

Game seed: 8388691108386532421

25 vorskei the Grave Robber (level 2, -1/20 HPs)
             Began as a Vampire Necromancer on Apr 10, 2019.
             Slain by an adder (4 damage)
             ... on level 2 of the Dungeon.
             The game lasted 00:03:35 (1117 turns).

vorskei the Grave Robber (Vampire Necromancer)      Turns: 1117, Time: 00:03:36

Health: -1/20      AC:  4    Str:  7    XL:     2   Next: 86%
Magic:  0/5        EV: 12    Int: 17    God:
Gold:   65         SH:  0    Dex: 14    Spells: 3/5 levels left

rFire    + . .     SeeInvis +   i - +0 dagger
rCold    + . .     Gourm    +   (no shield)
rNeg     + + .     Faith    .   q - +0 leather armour
rPois    +         Spirit   .   (no helmet)
rElec    .         Reflect  .   (no cloak)
rCorr    .         Harm     .   (no gloves)
MR       .....                  l - +0 pair of boots
Stlth    +++.......             f - amulet of the gourmand
HPRegen  0.03/turn              e - ring of protection from fire
MPRegen  0.09/turn              (no ring)

@: regenerating slowly
A: fangs 3, see invisible, unbreathing
a: no special abilities


You were on level 2 of the Dungeon.
You were thirsty.

You visited 1 branch of the dungeon, and saw 2 of its levels.

You collected 65 gold pieces.

Inventory:

Hand Weapons
 i - a +0 dagger (weapon)
 k - a +0 club
Missiles
 g - 66 stones (quivered)
 j - 23 arrows
Armour
 a - a +0 robe
 l - a +0 pair of boots (worn)
 n - a +0 ring mail
 q - a +0 leather armour (worn)
Jewellery
 e - a ring of protection from fire (left hand)
 f - an amulet of the gourmand (around neck)
 h - an uncursed ring of resist corrosion {unknown}
 r - an uncursed ring of ice {unknown}
Scrolls
 b - a scroll of amnesia {unknown}
 d - a scroll of remove curse {unknown}
 o - 2 scrolls of magic mapping {unknown}
Potions
 c - 5 potions of blood
 m - a potion of magic {unknown}
 p - 2 potions of agility {unknown}
 s - a potion of haste {unknown}


   Skills:
 + Level 0.9 Fighting
 + Level 0.3 Short Blades
 - Level 2.1 Dodging
 * Level 4.3 Stealth
 - Level 2.0 Spellcasting
 + Level 4.6 Necromancy


You had 3 spell levels left.
You knew the following spells:

 Your Spells              Type           Power        Failure   Level  Hunger
a - Animate Skeleton      Necr           N/A          4%          1    #......
q - Pain                  Necr           ###.         4%          1    #......

Your spell library contained the following spells:

 Spells                   Type           Power        Failure   Level  Hunger
 Vampiric Draining        Necr           ###.......   13%         3    ###....
 Regeneration             Chrm/Necr      #.........   34%         3    ###....
 Animate Dead             Necr           N/A          41%         4    #####..


Dungeon Overview and Level Annotations

Branches:
Dungeon (2/15)

Altars:


Innate Abilities, Weirdness & Mutations

You heal slowly.
You have razor-sharp teeth.
You have supernaturally acute eyesight. (SInv)
You can survive without breathing.


Message History

The adder bites you.
* * * LOW HITPOINT WARNING * * *
Things that are here:
4 stones; 7 gold pieces; a kobold corpse The adder barely misses you.
The adder closely misses you. The adder barely misses you.
Casting: Pain (safe; 4% risk of failure)
Confirm with . or Enter, or press ? or * to list all spells.
Aiming: Pain (safe; 4% risk of failure)
Press: ? - help, Shift-Dir - straight line, f - adder
Aim: an adder (chance to defeat MR: 82%)
The adder writhes in agony.
The adder bites you but does no damage.
Casting: Pain (safe; 4% risk of failure)
Confirm with . or Enter, or press ? or * to list all spells.
Aiming: Pain (safe; 4% risk of failure)
Press: ? - help, Shift-Dir - straight line, f/p - adder
Aim: an adder (moderately wounded, chance to defeat MR: 82%)
The adder writhes in agony.
The adder bites you.
You die...

...####.......##...
#.......#
#.......#.......#
#.⌠...⌠.#.......####
##.......#..........#
.'...⌠...'..........#
#(......#.###......###
#.⌠...⌠.#.# #........#
#.......#.###.S@...#.
#)####.....l...#...#
#.#.#).........#♣. #
#...#..........#
###.#.....##...#
#.(.....##...#
##......##...#
#......##...# #......#
...#


You could see an adder and a frilled lizard.

Vanquished Creatures
  3 leopard geckos
  A ball python (D:1)
  2 bats
  3 giant cockroaches
  A goblin (D:2)
  2 hobgoblins
  A quokka (D:2)
  2 frilled lizards (D:1)
  3 kobolds
  A rat (D:1)
19 creatures vanquished.

Vanquished Creatures (collateral kills)
  A leopard gecko (D:1)
1 creature vanquished.

Grand Total: 20 creatures vanquished

Notes
Turn   | Place    | Note
-------+----------+-------------------------------------------
     0 | D:1      | vorskei the Vampire Necromancer began the quest for the
                  | Orb.
     0 | D:1      | Reached XP level 1. HP: 13/13 MP: 3/3
    43 | D:1      | Learned a level 1 spell: Animate Skeleton
   598 | D:1      | Reached XP level 2. HP: 20/20 MP: 5/5
  1117 | D:2      | Slain by an adder

Levels and vault maps discovered:
D:1:      minmay_arrival_four_houses, layout_basic, minmay_pentomino_u4
D:2:      layout_basic, chequers_avenue, minmay_fountain_box

Skill      XL: |  1  2 |
---------------+-------+-----
Stealth        | 4 |  4.3
Fighting       | |  0.9
Short Blades   | |  0.3
Dodging        | |  2.1
Spellcasting   | |  2.0
Necromancy     | |  4.6

Action                   || total
-------------------------++-------
Melee: Unarmed           ||    14
       Dagger            ||    29
       Bite              ||     2
 Cast: Pain              ||    17
       Animate Skeleton  ||     1
 Stab: Sleeping          ||     5
Armor: Robe              ||     4
       Ring mail         ||     4
       Leather armour    ||     6
Dodge: Dodged            ||    26

Table legend:
 A = Non-vault XP
 B = Vault XP
 C = Vault XP percentage of total XP
 D = Non-vault monster count
 E = Vault monster count
 F = Vault count percentage of total count
                 A         B        C        D         E       F
            +---------+---------+-------+---------+---------+-------
      Total |      31 |       6 |  16.2 |      17 |       3 |  15.0
            +---------+---------+-------+---------+---------+-------
        D:1 |      15 |       6 |  28.6 |       9 |       3 |  25.0
        D:2 |      16 |       0 |   0.0 |       8 |       0 |   0.0
            +---------+---------+-------+---------+---------+-------
